Map: Lerilak Crest

Players

Deucalion

  • Race: Protoss Protoss
  • League: Diamond

LilDicky - Winner!

  • Race: Terran Terran
  • League: Diamond

VOD

http://www.twitch.tv/tumescentpie

Description

Time

  • Played on: Nov. 27, 2015, 11:07 p.m.
  • Length: 4:48
Show
View Real Time Build Order
Export as new Build Order

Deucalion Protoss 

Build Orders: Dark Templar Rush 

Get SALT Encoding   

  12  0:01  Probe (Chrono Boost)  
  13  0:11  Probe (Chrono Boost)  
  14  0:20  Pylon  
  14  0:23  Probe (Chrono Boost)  
  15  0:38  Probe (Chrono Boost)  
  15  0:39  Gateway  
  16  0:46  Assimilator  
  16  0:49  Probe (Chrono Boost)  
  17  0:57  Assimilator  
  17  0:59  Probe (Chrono Boost)  
  18  1:10  Probe (Chrono Boost)  
  19  1:20  Probe (Chrono Boost)  
  19  1:25  Pylon  
  20  1:30  Cybernetics Core  
  20  1:31  Probe (Chrono Boost)  
  21  1:42  Probe (Chrono Boost)  
  22  1:56  Probe (Chrono Boost)  
  23  2:09  Warp Gate  
  23  2:10  Mothership Core (Chrono Boost), Adept (Chrono Boost)  
  27  2:19  Pylon  
  27  2:22  Pylon  
  27  2:23  Gateway  
  27  2:41  Twilight Council  
  27  2:46  Adept (Chrono Boost)  
  29  3:15  Nexus  
  29  3:23  Dark Shrine  
  29  3:29  Robotics Facility  
  23  3:52  Probe  
  24  4:04  Probe  
  24  4:07  Pylon  
Show
View Real Time Build Order
Export as new Build Order

LilDicky Terran - Winner!

Build Orders:  

Get SALT Encoding   

  12  0:01  SCV  
  13  0:13  SCV  
  14  0:18  Supply Depot  
  14  0:25  SCV  
  15  0:29  Refinery  
  15  0:39  SCV  
  16  0:45  Barracks  
  16  0:58  SCV  
  17  1:10  SCV  
  18  1:22  SCV  
  18  1:24  Supply Depot  
  19  1:34  SCV  
  19  1:38  Marine  
  21  1:52  Orbital Command  
  21  1:56  Marine  
  22  2:05  Factory  
  22  2:13  Marine  
  23  2:18  Barracks  
  23  2:21  SCV  
  23  2:22  Barracks  
  24  2:33  SCV  
  24  2:35  Refinery  
  25  2:42  Barracks Reactor  
  25  2:45  SCV  
  25  2:48  Supply Depot  
  26  2:57  SCV  
  27  3:06  Widow Mine  
  27  3:09  SCV  
  30  3:15  Barracks Tech Lab x2  
  30  3:21  SCV  
  30  3:25  Bunker  
  31  3:28  Marine x2  
  33  3:44  Widow Mine  
  33  3:45  Marine  
  33  3:48  Marauder  
  38  3:49  Marine  
  39  4:10  Supply Depot  
  39  4:16  SCV  
  39  4:28  Supply Depot  
  39  4:33  SCV  
Tags
 
Add a new tag
Caveats
  • Supply blocks, unpowered buildings, or Contaminate may cause inaccurate times.
  • Supply counts are checked every 10 seconds.